 Dungeon Crawl Stone Soup version 0.31.0-11-ge490571c62 (webtiles) character file.

Game seed: 5210633926830985418

57 qw the Shooter (level 3, -2/20 HPs)
             Began as a Deep Elf Hunter on Feb 4, 2024.
             Killed from afar by an orc wizard (7 damage)
             ... with a magic dart
             ... on level 3 of the Dungeon.
             The game lasted 00:00:06 (1731 turns).

qw the Shooter (Deep Elf Hunter)                    Turns: 1731, Time: 00:00:06

Health: -2/20      AC:  6    Str: 10    XL:     3   Next: 73%
Magic:  5/5        EV: 11    Int: 13    God:
Gold:   93         SH:  0    Dex: 18    Spells: 2/2 levels left

rFire   . . .        a - +0 shortbow
rCold   . . .        (shield currently unavailable)
rNeg    . . .        f - +0 ring mail
rPois   .            (no helmet)
rElec   .            (no cloak)
rCorr   +            g - +0 pair of gloves
SInv    .            (no boots)
Will    .....        (no amulet)
Stlth   +            k - ring of resist corrosion
HPRegen 0.23/turn    (no ring)
MPRegen 0.09/turn

%: no passive effects
@: no status effects
A: no striking features
a: no special abilities


You were on level 3 of the Dungeon.
You visited 1 branch of the dungeon, and saw 3 of its levels.

You collected 93 gold pieces.


   Skills:
 - Level 1.5 Fighting
 + Level 7.2 Ranged Weapons
 - Level 2.4 Dodging
 - Level 1.2 Stealth


You had 2 spell levels left.
You didn't know any spells.
Your spell library was empty.

Inventory:

Hand Weapons
 a - a +0 shortbow (weapon)
Armour
 f - a +0 ring mail (worn)
 g - a +0 pair of gloves (worn)
Jewellery
 k - a ring of resist corrosion (left hand)
Scrolls
 b - a scroll of identify
Potions
 d - a potion of enlightenment
 h - a potion of might
 i - a potion of resistance {unknown}
 l - a potion of haste {unknown}

Dungeon Overview and Level Annotations

Branches:
Dungeon (3/15)

Altars:


Message History

An orc comes into view. It is wielding a +0 dagger.
The orc moves out of view.
You shoot an arrow. The arrow hits the orc!
You kill the orc!
You hear a shout!
You shoot an arrow. The arrow closely misses the orc.
Found 15 gold pieces.
You see here a +0 ring mail.
You shoot an arrow. The arrow barely misses the orc.
An orc wizard comes into view. It is wielding a +0 dagger.
You shoot an arrow.
The arrow completely misses the orc wizard.
The orc wizard casts a spell at you. You resist with some effort.
You shoot an arrow. The arrow barely misses the orc wizard.
The orc wizard gestures wildly while chanting.
The orc wizard flickers and vanishes!
Deactivating autopickup; reactivate with Ctrl-A.
You shoot an arrow.
You hear some strange, mumbled words.
A puff of flame appears from out of thin air!
The puff of flame hits you!
You shoot an arrow. Something hits you but does no damage.
You shoot an arrow. Something hits you but does no damage.
You shoot an arrow. Something hits you.
You shoot an arrow.
You hear some strange, mumbled words.
A puff of flame appears from out of thin air!
The puff of flame hits you.
You shoot an arrow. Something hits you.
1730 ||| FLEEEEING.
Something hits you but does no damage.
1731 ||| FLEEEEING.
A magic dart appears from out of thin air!
The magic dart hits you!
You die...

......#####...
.....%....#.#
....#.......#
....#####.######. . ##.##
#........ # .. #.#
#..#####. .# ...$
##.######..#######.#....).
..........................
#########..#...#@###......
#.....###..###.#..{o..$...
.%.........###...####.....
#.....####.........# ###
#.....# ########..#
####### #.# .# .# .


You could see an orc.

Vanquished Creatures
  An adder (D:2)
  A ribbon worm (D:2)
  An orc (D:3)
  3 ball pythons
  2 endoplasms (D:2)
  4 giant cockroaches (D:1)
  3 goblins
  5 hobgoblins
  3 jackals (D:1)
  6 kobolds
  2 quokkas (D:1)
  2 bats (D:1)
  4 frilled lizards
  3 rats (D:1)
40 creatures vanquished.

Notes
Turn   | Place    | Note
-------+----------+-------------------------------------------
     0 | D:1      | qw the Deep Elf Hunter began the quest for the Orb.
     0 | D:1      | Reached XP level 1. HP: 12/12 MP: 3/3
     0 | D:1      | 0 ||| qw: Version: 0.3-a-160-g6735b56
     0 | D:1      | 0 ||| qw: Game counter: 5277
     0 | D:1      | 0 ||| qw: Melee chars always use a shield: true
     0 | D:1      | 0 ||| qw: God list: Okawaru
     0 | D:1      | 0 ||| qw: Allow faded altars: false
     0 | D:1      | 0 ||| qw: Do Orc after clearing Dungeon:15 true
     0 | D:1      | 0 ||| qw: Do second Lair branch before Depths: true
     0 | D:1      | 0 ||| qw: Lair rune preference: random
     0 | D:1      | 0 ||| qw: Goals: Normal
     0 | D:1      | 0 ||| PLANNING D:1-11
   179 | D:1      | Reached XP level 2. HP: 11/16 MP: 4/4
   217 | D:1      | Reached skill level 6 in Ranged Weapons
   720 | D:1      | 720 ||| UPGRADING to +0 ring mail.
   730 | D:1      | 730 ||| DROPPING +0 leather armour.
   731 | D:1      | 731 ||| UPGRADING to +0 pair of gloves.
   736 | D:1      | 736 ||| READING scroll labelled IVVUUNOHUQ.
   736 | D:1      | 736 ||| IDENTIFYING puce potion
   737 | D:1      | 737 ||| READING scroll labelled HUNKANKUIH.
   738 | D:1      | 738 ||| DROPPING scroll of butterflies.
   988 | D:2      | Reached XP level 3. HP: 20/20 MP: 5/5
  1298 | D:2      | Reached skill level 7 in Ranged Weapons
  1520 | D:2      | 1520 ||| UPGRADING to ring of resist corrosion.
  1521 | D:2      | 1521 ||| READING scroll labelled EWUMUA URREROY.
  1522 | D:2      | 1522 ||| READING scroll labelled ELOHIC VOEMOV.
  1526 | D:2      | 1526 ||| READING 2 scrolls labelled ORONIM QUMO.
  1527 | D:2      | 1527 ||| DRINKING 2 bubbling grey potions.
  1555 | D:2      | 1555 ||| DRINKING 2 black potions.
  1556 | D:2      | 1556 ||| DROPPING potion of lignification.
  1557 | D:2      | 1557 ||| DROPPING scroll of poison.
  1588 | D:3      | 1588 ||| STAIRDANCE
  1592 | D:3      | 1592 ||| STAIRDANCE
  1600 | D:3      | 1600 ||| STAIRDANCE
  1728 | D:3      | HP: 5/20 [something/puff of flame (6)]
  1730 | D:3      | 1730 ||| FLEEEEING.
  1731 | D:3      | 1731 ||| FLEEEEING.
  1731 | D:3      | Killed from afar by an orc wizard

Levels and vault maps discovered:
D:1:      onia_arrival_pyramid, layout_loops_ring, chequers_arboretum,
          chequers_serial_rivers_small_a
D:2:      layout_basic
D:3:      layout_basic, grunt_ministairs_4

Skill      XL: |  1  2  3 |
---------------+----------+-----
Ranged Weapons | 6 7 |  7.2
Fighting       | |  1.5
Dodging        | |  2.4
Stealth        | |  1.2

Action                     || total
---------------------------++-------
   Fire: Shortbow          ||   134
    Use: Scroll            ||     5
         Potion            ||     2
 Armour: Leather armour    ||    17
         Ring mail         ||    24
  Dodge: Dodged            ||    34

Table legend:
 A = Non-vault XP
 B = Vault XP
 C = Vault XP percentage of total XP
 D = Non-vault monster count
 E = Vault monster count
 F = Vault count percentage of total count
                 A         B        C        D         E       F
            +---------+---------+-------+---------+---------+-------
      Total |      80 |       2 |   2.4 |      39 |       1 |   2.5
            +---------+---------+-------+---------+---------+-------
        D:1 |      38 |       0 |   0.0 |      23 |       0 |   0.0
        D:2 |      32 |       2 |   5.9 |      11 |       1 |   8.3
        D:3 |      10 |       0 |   0.0 |       5 |       0 |   0.0
            +---------+---------+-------+---------+---------+-------
